Workbook

Sheet 5001
A1: CITY OF IDAHO FALLS
A2: 2020-2021 BUDGET ANALYSIS WORKSHEET
A6: Fund | B6: 012 Library Fund | C6: 2017-2018 | E6: 2018-2019 | G6: 2019-2020 | H6: 2020-2021
A7: Division Library
A8: Department Library
A9: 5001-527 Administration | C9: Budget 2018 | D9: Actuals | E9: Budget 2019 | F9: Actuals | G9: Budget 2020 | H9: Proposed
A11: 1100 | B11: Salaries | C11: 442786 | D11: 419491.66 | E11: 456792 | F11: 349863.77 | G11: 533593 | H11: 1270697
A12: 1200 | B12: Assistance & Clerical | C12: 655514 | D12: 598264.53 | E12: 646258 | F12: 620755.68 | G12: 610750 | H12: 0
A13: 1500 | B13: Seasonal Employees | C13: 329193 | D13: 217450.81 | E13: 339289 | F13: 210969.9 | G13: 366563 | H13: 277114
A14: 1600 | B14: Overtime | C14: 0 | D14: 5900.86 | E14: 8000 | F14: 10079.35 | G14: 10000 | H14: 10000
A15: 1100 | B15: Sick Leave Conversion | F15: 0 | G15: 3876 | H15: 1921
A17: 2100 | B17: Employee Benefits | C17: 599995 | D17: 502934.53 | E17: 501660 | F17: 487747 | G17: 566709 | H17: 635062
A18: 2501 | B18: Prov For Adjust-Wages | C18: 0 | D18: 0 | E18: 0 | F18: 0 | G18: 0 | H18: 0
A19: 2502 | B19: Unemployment Adjustment | C19: 0 | D19: 3289.74 | E19: 15000 | F19: 1849.75 | G19: 0
A20: 2504 | B20: Retired Emp Health Ins. | C20: 0 | D20: 0 | E20: 0 | F20: 0 | G20: 0
A22: 3100 | B22: Office Supplies | C22: 2500 | D22: 903.26 | E22: 2500 | F22: 2356.61 | G22: 2500 | H22: 2500
A23: 3103 | B23: Postage | C23: 1500 | D23: 123.1 | E23: 1500 | F23: 1393.89 | G23: 1500 | H23: 1500
A24: 3200 | B24: Special Dept. Supplies | C24: 115000 | D24: 95220.21 | E24: 120000 | F24: 117173.97 | G24: 120000 | H24: 150000
A25: 3218 | B25: Library Material-Budgeted | C25: 850000 | D25: 668882.66 | E25: 850000 | F25: 663892.79 | G25: 1100000 | H25: 750000
A26: 3219 | B26: Library Mat-Mae Neuber | C26: 18000 | D26: 0 | E26: 160000 | F26: 0 | G26: 180000 | H26: 15000
A27: 3220 | B27: Library Mat-Disney Trust | C27: 0 | D27: 0 | E27: 0 | F27: 0 | G27: 0 | H27: 0
A28: 3221 | B28: Library Mat-Memorial Gifts | C28: 0 | D28: 0 | E28: 0 | F28: 0 | G28: 0 | H28: 0
A29: 3222 | B29: Library Mat-Misc. Donations | C29: 0 | D29: 0 | E29: 0 | F29: 0 | G29: 0 | H29: 0
A30: 3223 | B30: Lib Mat Idaho Com Foundation | C30: 0 | D30: 0 | E30: 0 | F30: 0 | G30: 0 | H30: 0
A31: 3400 | B31: Minor Equipment | C31: 2988 | D31: 2965.22 | E31: 12000 | F31: 1224.61 | G31: 3500 | H31: =3500+6000 -> 9500
A32: 3600 | B32: Fuels and Lubricants | C32: 0 | D32: 0 | E32: 0 | F32: 0 | G32: 0 | H32: 0
A33: 4200 | B33: Professional Services | C33: 0 | D33: 0 | E33: 0 | F33: 150 | G33: 0 | H33: 0
A34: 4221 | B34: City Gen & Admin Transfer | C34: 0 | D34: 0 | E34: 0 | F34: 0 | G34: 83149 | H34: 130600
A35: 4245 | B35: Administration Transfer - IT | C35: 0 | D35: 0 | E35: 0 | F35: 0 | G35: 43083 | H35: 0
A36: 4250 | B36: Mayor Transfer | C36: 5417 | D36: 0 | E36: 6617 | F36: 5416.68 | G36: 5417 | H36: 0
A37: 4252 | B37: Legal Transfer | C37: 0 | D37: 0 | E37: 0 | F37: 0 | G37: 22195 | H37: 0
A38: 4400 | B38: Advertising | C38: 15000 | D38: 156.52 | E38: 15000 | F38: 3117.64 | G38: 15000 | H38: 10000
A39: 4600 | B39: Insurance | C39: 20332 | D39: 20333.04 | E39: 20332 | F39: 18936 | G39: 21050 | H39: 21050
A40: 4700 | B40: Travel | C40: 20000 | D40: 14415.5 | E40: 25000 | F40: 4257.01 | G40: 25000 | H40: 10000
A41: 4800 | B41: Dues & Subscriptions | C41: 1600 | D41: 2114 | E41: 2500 | F41: 602 | G41: 2500 | H41: 2500
A42: 4900 | B42: Personnel Training | C42: 15000 | D42: 6392.24 | E42: 15000 | F42: 10774.47 | G42: 15000 | H42: 15000
A43: 5000 | B43: Custodial Cleaning | C43: 5000 | D43: 2310.03 | E43: 5000 | F43: 9353.16 | G43: 7500 | H43: 10000
... A45: 5200 | B45: Heat, Lights, & Utilities | C45: 65000 | D45: 54791.52 | E45: 65929 | F45: 64174.9 | G45: 70000 | H45: 70000
A46: 5202 | B46: County Landfill Fees | D46: 0 | F46: 504 | G46: 0 | H46: 504
A47: 5300 | B47: Local Transportation | C47: 0 | D47: 0 | E47: 0 | F47: 0 | G47: 0 | H47: 0
A48: 5600 | B48: Rental Auto Equipment | C48: 0 | D48: 0 | E48: 0 | F48: 0 | G48: 0 | H48: 0
A49: 5800 | B49: Rep & Mtnce Office Equip | C49: 25000 | D49: 25479.36 | E49: 6500 | F49: 28454.19 | G49: 6500 | H49: 6500
A50: 5801 | B50: Computer Software Expense | C50: 30000 | D50: 42252.02 | E50: 60000 | F50: 53969.95 | G50: 60000 | H50: 60000
A51: 5802 | B51: Computer Equipment | C51: 15000 | D51: 29967.95 | E51: 1500 | F51: 54957.35 | G51: 10000 | H51: 10000
A52: 5900 | B52: Repair & Mtnce Grounds | C52: 150000 | D52: 11906.6 | E52: 150000 | F52: 12997.53 | G52: 80000 | H52: 15000
A53: 6000 | B53: Rep & Mtnce Building | C53: 10000 | D53: 2311.43 | E53: 20000 | F53: 3315.61 | G53: 20000 | H53: 20000
A54: 6100 | B54: Rep & Mtnce Auto Equip | C54: 800 | D54: 708.99 | E54: 1200 | F54: 1302.42 | G54: 1200 | H54: 1200
A55: 6356 | B55: OCLC | C55: 5500 | D55: 10000 | E55: 5500 | F55: 5324.45 | G55: 5500 | H55: 5500
A56: 6400 | B56: Maint Work Order Transfers | C56: 25000 | D56: 39488.97 | E56: 30000 | F56: 15530.06 | G56: 80000 | H56: 30000
A57: 6900 | B57: Miscellaneous | C57: 0 | D57: 0 | E57: 0 | F57: 0 | G57: 0
A58: 6901 | B58: Cash Over/Short | C58: 0 | D58: -94.59 | E58: 0 | F58: -15.57 | G58: 0 | H58: 0
A59: 6932 | B59: Credit Card Fees | C59: 2000 | D59: 2996.94 | E59: 2000 | F59: 4635.47 | G59: 2000 | H59: 1000
A60: 6948 | B60: Friends of the Library | C60: 0 | D60: 3477.85 | E60: 0 | F60: 0 | G60: 0 | H60: 0
A61: 6955 | B61: Contingency | C61: 50000 | D61: 0 | E61: 50000 | F61: 0 | G61: 50000 | H61: 50000
A63: 7200 | B63: Buildings | C63: 0 | D63: 0 | E63: 750000 | F63: 43040 | G63: 300000 | H63: 3020000
A64: 7300 | B64: Imps Other Than Build | C64: 0 | D64: 12150 | E64: 20000 | F64: 0 | G64: 0
A65: 7400 | B65: Office Equipment | C65: 0 | D65: 0 | E65: 0 | F65: 32350 | G65: 35000 | H65: 0
A66: 7402 | B66: Computers | C66: 0 | D66: 0 | E66: 0 | F66: 0 | G66: 0 | H66: 0
A67: 7500 | B67: Automotive Equipment | C67: 0 | D67: 0 | E67: 0 | F67: 0 | G67: 0 | H67: 0
A68: 7600 | B68: All Other Equipment | C68: 0 | D68: 0 | E68: 0 | F68: 0 | G68: 0 | H68: 0
A69: 7603 | B69: Unanticipated Grants | C69: 0 | D69: 0 | E69: 0 | F69: 2079.9 | G69: 0 | H69: 0
A70: 7650 | B70: Materials-Budgeted | C70: 0 | D70: 0 | E70: 0 | F70: 0 | G70: 0 | H70: 0
A71: 7655 | B71: Materials-Grants | C71: 0 | D71: 0 | E71: 0 | F71: 0 | G71: 0 | H71: 0
A73: 7900 | B73: MERF Depreciation | C73: 1800 | D73: 1800 | E73: 300 | F73: 300 | G73: 1800 | H73: 1800
B75: GROSS BUDGET | C75: =SUM(C11:C74) -> 3486925 | D75: =SUM(D11:D74) -> 2805188.2 | E75: =SUM(E11:E74) -> 4372377 | F75: =SUM(F11:F74) -> 2849450.9 | G75: =SUM(G11:G74) -> 4479885 | H75: =SUM(H11:H74) -> 6632948
A77: 9800 | B77: Interfund Transfers
B79: NET BUDGET | C79: =SUM(C75:C78) -> 3486925 | D79: =SUM(D75:D78) -> 2805188.2 | E79: =SUM(E75:E78) -> 4372377 | F79: =SUM(F75:F78) -> 2849450.9 | G79: =SUM(G75:G78) -> 4479885 | H79: =SUM(H75:H78) -> 6632948
A81: SUMMARY: Library Administration
A82: Salaries & Wages | C82: =SUM(C11:C14) -> 1427493 | D82: =SUM(D11:D14) -> 1241107.9 | E82: =SUM(E11:E14) -> 1450339 | F82: =SUM(F11:F14) -> 1191668.7 | G82: =SUM(G11:G15) -> 1524782 | H82: =SUM(H11:H15) -> 1559732
A83: Benefits | C83: =SUM(C17:C20) -> 599995 | D83: =SUM(D17:D20) -> 506224.27 | E83: =SUM(E17:E20) -> 516660 | F83: =SUM(F17:F20) -> 489596.75 | G83: =SUM(G17:G20) -> 566709 | H83: =SUM(H17:H20) -> 635062
A84: Current Operating Expense | C84: =SUM(C22:C61) -> 1457637 | D84: =SUM(D22:D61) -> 1043906 | E84: =SUM(E22:E61) -> 1635078 | F84: =SUM(F22:F61) -> 1090415.5 | G84: =SUM(G22:G61) -> 2051594 | H84: =SUM(H22:H61) -> 1416354
A85: Capital Outlay | C85: =SUM(C63:C71) -> 0 | D85: =SUM(D63:D71) -> 12150 | E85: =SUM(E63:E71) -> 770000 | F85: =SUM(F63:F71) -> 77469.9 | G85: =SUM(G63:G71) -> 335000 | H85: =SUM(H63:H71) -> 3020000
A86: MERF Depreciation | C86: =SUM(C73) -> 1800 | D86: =SUM(D73) -> 1800 | E86: =SUM(E73) -> 300 | F86: =SUM(F73) -> 300 | G86: =SUM(G73) -> 1800 | H86: =SUM(H73) -> 1800
A87: Interfund Transfers | C87: =SUM(C77) -> 0 | D87: =SUM(D77) -> 0 | E87: =SUM(E77) -> 0 | F87: =SUM(F77) -> 0 | G87: =SUM(G77) -> 0 | H87: 0
B88: NET BUDGET | C88: =SUM(C82:C87) -> 3486925 | D88: =SUM(D82:D87) -> 2805188.1 | E88: =SUM(E82:E87) -> 4372377 | F88: =SUM(F82:F87) -> 2849450.9 | G88: =SUM(G82:G87) -> 4479885 | H88: =SUM(H82:H87) -> 6632948
E89: =IF(C79=C88,"","!") | F89: =IF(D79=D88,"","!")

Sheet Library Summary
A1: CITY OF IDAHO FALLS
A2: 2020-2021 BUDGET ANALYSIS WORKSHEET
A3: SUMMARY OF LIBRARY FUND
C5: REVENUE
A6: Fund | B6: 012 Library Fund | C6: 2017-2018 | E6: 2017-2019 | G6: 2019-2020 | H6: 2020-2021
A7: Division Library
A8: Department Library
A9: Library 5001--5002 | C9: Budget | D9: Actual | E9: Budget | F9: Actual | G9: Budget | H9: Proposed
A10: 311-0100 | B10: Property Tax | C10: 2046697 | D10: 1839591 | E10: 2108097.9 | F10: 2103816.2 | G10: 2349297 | H10: 2350000
A11: 331-0100 | B11: Any Federal Grant | C11: 0 | D11: 1400 | E11: 0 | F11: 0 | G11: 0 | H11: 500
A12: 332-0100 | B12: Any State Grant | C12: 0 | D12: 4720 | E12: 0 | F12: 8990 | G12: 0 | H12: 5000
A13: 333-0200 | B13: State Sales Tax | C13: 97000 | D13: 84507 | E13: 97000 | F13: 117821.66
A14: 334-0700 | B14: Bonneville County Library District | C14: 997415 | D14: 988739 | E14: 1100000 | F14: 1118269.6 | G14: 1100000 | H14: 1100000
A15: 334-0900 | B15: Rural Registration | C15: 6000 | D15: 12757 | E15: 6000 | F15: 13764.51 | G15: 6000 | H15: 13000
A16: 347-0400 | B16: Meeting Rooms | C16: 6000 | D16: 4003 | E16: 4000 | F16: 3380.4 | G16: 2500 | H16: 0
A17: 351-0500 | B17: Library Fines | C17: 60000 | D17: 67406 | E17: 70000 | F17: 52431.2 | G17: 70000 | H17: 0
A18: 351-0600 | B18: Lost Materials-Library | C18: 6000 | D18: 8919 | E18: 6000 | F18: 8057.05 | G18: 6000 | H18: 8500
A19: 361-0000 | B19: Interest | C19: 2800 | D19: 16671 | E19: 10000 | F19: 52218.02 | G19: 10000 | H19: 30000
A20: 361-0500 | B20: Market Adjustment | F20: 0 | H20: 0
A21: 362-1000 | B21: Photo Copies | C21: 6000 | D21: 10850 | E21: 9000 | F21: 8343.13 | G21: 9000 | H21: 9000
A22: 362-1800 | B22: Miscellaneous | C22: 0 | D22: 54 | E22: 0 | F22: 0 | G22: 0 | H22: 0
A23: 363-0200 | B23: Miscellaneous Refunds | C23: 500 | D23: 2166 | E23: 1500 | F23: 2236.91 | G23: 1500 | H23: 2200
A24: 364-0400 | B24: Miscellaneous Donations | C24: 1000 | D24: 8404 | E24: 1000 | F24: 2185.94 | G24: 1000 | H24: 2200
A25: 364-0600 | B25: CHC Foundation Grants | C25: 10000 | D25: 0 | E25: 10000 | F25: 0 | G25: 10000 | H25: 30000
A26: 364-1500 | B26: Memorial Gifts | C26: 500 | D26: 25928 | E26: 500 | F26: 0 | G26: 500 | H26: 500
A27: 364-1600 | B27: Friends of Library | C27: 4000 | D27: 0 | E27: 4500 | F27: 14218.78 | G27: 4500 | H27: 5000
A28: 364-2000 | B28: MAE Neuber Foundation | C28: 18000 | D28: 17500 | E28: 17000 | F28: 15500 | G28: 17000 | H28: 15500
A29: 364-2100 | B29: Idaho Community Foundation | C29: 8000 | D29: 359 | E29: 10000 | F29: 0 | G29: 5000 | H29: 5000
A30: 364-2200 | B30: Other Grants | C30: 0 | D30: 0 | E30: 50000 | F30: 0 | G30: 50000 | H30: 50000
A31: 364-2900 | B31: Library Consortium | C31: 0 | D31: 0 | E31: 0 | F31: 0 | G31: 0 | H31: 0
A32: 365-0200 | B32: Sale of Property | C32: 0 | D32: 0 | E32: 0 | F32: 18.74 | G32: 0 | H32: 0
A33: 365-0600 | B33: Miscellaneous Revenues | C33: 500 | D33: 0 | E33: 500 | F33: 10 | G33: 0 | H33: 10
C34: =SUM(C10:C33) -> 3270412 | D34: =SUM(D10:D33) -> 3093974 | E34: =SUM(E10:E33) -> 3505097.9 | F34: =SUM(F10:F33) -> 3521262.2 | G34: =SUM(G10:G33) -> 3642297 | H34: =SUM(H10:H33) -> 3626410
C37: EXPENDITURES
A38: Fund | B38: 012 Library Fund | C38: 2017-2018 | E38: 2018-2019 | G38: 2019-2020 | H38: 2020-2021
A39: Division Library
A40: Department Library
A41: Library 5001--5002 | C41: Budget | D41: Actual | E41: Budget | F41: Actual | G41: Budget | H41: Proposed
A43: SUMMARY: Library Fund
A44: Salaries & Wages | C44: =SUM('5001'!C82) -> 1427493 | D44: =SUM('5001'!D82) -> 1241107.9 | E44: =SUM('5001'!E82) -> 1450339 | F44: =SUM('5001'!F82) -> 1191668.7 | G44: =SUM('5001'!G82) -> 1524782 | H44: =SUM('5001'!H82) -> 1559732
A45: Benefits | C45: =SUM('5001'!C83) -> 599995 | D45: =SUM('5001'!D83) -> 506224.27 | E45: =SUM('5001'!E83) -> 516660 | F45: =SUM('5001'!F83) -> 489596.75 | G45: =SUM('5001'!G83) -> 566709 | H45: =SUM('5001'!H83) -> 635062
A46: Current Operating Expense | C46: =SUM('5001'!C84) -> 1457637 | D46: =SUM('5001'!D84) -> 1043906 | E46: =SUM('5001'!E84) -> 1635078 | F46: =SUM('5001'!F84) -> 1090415.5 | G46: =SUM('5001'!G84) -> 2051594 | H46: =SUM('5001'!H84) -> 1416354
A47: Capital Outlay | C47: =SUM('5001'!C85) -> 0 | D47: =SUM('5001'!D85) -> 12150 | E47: =SUM('5001'!E85) -> 770000 | F47: =SUM('5001'!F85) -> 77469.9 | G47: =SUM('5001'!G85) -> 335000 | H47: =SUM('5001'!H85) -> 3020000
A48: MERF Depreciation | C48: =SUM('5001'!C86) -> 1800 | D48: =SUM('5001'!D86) -> 1800 | E48: =SUM('5001'!E86) -> 300 | F48: =SUM('5001'!F86) -> 300 | G48: =SUM('5001'!G86) -> 1800 | H48: =SUM('5001'!H86) -> 1800
A49: Interfund Transfers | C49: =SUM('5001'!C87) -> 0 | D49: =SUM('5001'!D87) -> 0 | E49: =SUM('5001'!E87) -> 0 | F49: =SUM('5001'!F87) -> 0 | G49: =SUM('5001'!G87) -> 0 | H49: =SUM('5001'!H87) -> 0
B50: NET BUDGET | C50: =SUM(C44:C49) -> 3486925 | D50: =SUM(D44:D49) -> 2805188.1 | E50: =SUM(E44:E49) -> 4372377 | F50: =SUM(F44:F49) -> 2849450.9 | G50: =SUM(G44:G49) -> 4479885 | H50: =SUM(H44:H49) -> 6632948
